 Dungeon Crawl Stone Soup version 0.28-b1-25-g9875b3fc8c (webtiles) character file.

Game seed: 7057589036385205705

4 lordive the Caller (level 1, 0/10 HPs)
             Began as a Tengu Summoner on Jan 31, 2022.
             Slain by a goblin (2 damage)
             ... on level 1 of the Dungeon.
             The game lasted 00:00:48 (112 turns).

lordive the Caller (Tengu Summoner)                  Turns: 112, Time: 00:00:49

Health: 0/10       AC:  2    Str:  8    XL:     1   Next: 70%
Magic:  2/4        EV: 12    Int: 15    God:
Gold:   0          SH:  0    Dex: 14    Spells: 3/4 levels left

rFire   . . .      SeeInvis .   (no weapon)
rCold   . . .      Faith    .   (no shield)
rNeg    . . .      Spirit   .   a - +0 robe
rPois   .          Reflect  .   (helmet restricted)
rElec   .          Harm     .   (no cloak)
rCorr   .          Rampage  .   (no gloves)
Will    .....                   (boots unavailable)
Stlth   ++........              (no amulet)
HPRegen 0.03/turn               (no ring)
MPRegen 0.09/turn               (no ring)

@: no status effects
A: beak, talons 3
a: no special abilities


You were on level 1 of the Dungeon.
You visited 1 branch of the dungeon, and saw 1 of its levels.

Inventory:

Armour
 a - a +0 robe (worn)
Scrolls
 b - a scroll of identify {unknown}


   Skills:
 + Level 2.2 Dodging
 - Level 2.0 Stealth
 + Level 2.0 Spellcasting
 + Level 5.1 Summonings


You had 3 spell levels left.
You knew the following spells:

 Your Spells              Type           Power      Damage    Failure   Level
a - Summon Small Mammal   Summ           64%        N/A       2%          1

Your spell library contained the following spells:

 Spells                   Type           Power      Damage    Failure   Level
 Call Imp                 Summ           16%        N/A       4%          2
 Call Canine Familiar     Summ           16%        N/A       9%          3
 Summon Guardian Golem    Hex/Summ       9%         N/A       24%         3
 Summon Lightning Spire   Summ/Air       9%         N/A       61%         4


Dungeon Overview and Level Annotations

Branches:
Dungeon (1/15)

Altars:


Innate Abilities, Weirdness & Mutations

You have a beak for a mouth.
You have claws for feet.


Message History

Your quokka's corpse disappears in a puff of smoke!
Something bites your rat.
Your rat bites the goblin.
The bat closely misses your rat. The bat barely misses your rat.
The bat misses your rat. Something closely misses your rat.
Your rat closely misses the kobold.
The bat barely misses your rat. The kobold misses your rat.
Something bites your rat.
Casting: Summon Small Mammal (safe; 2% risk of failure)
Confirm with . or Enter, or press ? or * to list all spells.
The goblin hits you with a +0 club. The bat barely misses your rat.
You see here a giant cockroach corpse.
Something misses your quokka. Something barely misses your quokka.
Your quokka barely misses the goblin.
The bat hits you. The bat misses you. The bat misses you.
Your quokka barely misses the goblin.
The jackal bites your rat.
Your rat dies!
Your rat's corpse disappears in a puff of smoke!
You enter the shallow water.
Moving in this stuff is going to be slow.
The bat closely misses you. The bat hits you.
* * * LOW HITPOINT WARNING * * *
The goblin closely misses you.
Your quokka completely misses the goblin.
The kobold hits your quokka with a +0 short sword.
The bat hits you but does no damage.
Your quokka completely misses the goblin.
The bat closely misses you. The bat hits you.
* * * LOW HITPOINT WARNING * * *
The bat hits you but does no damage.
The kobold hits your quokka with a +0 short sword.
Casting: Summon Small Mammal (safe; 2% risk of failure)
Confirm with . or Enter, or press ? or * to list all spells.
The bat misses you.
The bat hits your rat but does no damage.
The goblin hits you with a +0 club.
You die...

#≈≈≈...P......### ### .
#≈.......≈≈.....## ##.####.
#.......P≈.P....P###.†....#
#.P.....≈≈.≈.....##..§.....
#.PP...P.≈.P.........#.....
#....P.P..≈P.........#bK...
#.P..P...PP.P.≈..≈..##r...#
#..≈.P.≈..Pgr.h.....##..B.#
....P≈.@.r.P....###....#
.≈≈.....≈b.K##..# #..h.#
##≈≈..≈.##≈.##.## #...##
P≈≈≈≈≈≈#≈≈.###.# #.#..#
#≈.#≈.###### #.. #.##.h ##
### ##. #.###. #. #. #. .
#. ##


You could see a jackal, a goblin (ally target), a bat, a kobold, a friendly
quokka (summoned) and a friendly rat (summoned).

Vanquished Creatures (collateral kills)
  An endoplasm (D:1)
  A giant cockroach (D:1)
  A jackal (D:1)
  A rat (D:1)
4 creatures vanquished.

Notes
Turn   | Place    | Note
-------+----------+-------------------------------------------
     0 | D:1      | lordive the Tengu Summoner began the quest for the Orb.
     0 | D:1      | Reached XP level 1. HP: 10/10 MP: 4/4
    61 | D:1      | Reached skill level 5 in Summonings
   112 | D:1      | Slain by a goblin

Illustrated notes

Levels and vault maps discovered:
D:1:      lemuel_arrival_muddy, layout_rooms,
          chequers_ecumenical_altar_simple_redux

Skill      XL: |  1 |
---------------+----+-----
Summonings     | 5 |  5.1
Dodging        | |  2.2
Stealth        | |  2.0
Spellcasting   | |  2.0

Action                   || total
-------------------------++-------
 Cast: Summon Small Mamm ||     8
Armor: Robe              ||     2
Dodge: Dodged            ||    13
